 Dungeon Crawl Stone Soup version bcrawl-1.32 (webtiles) character file.

Game seed: 11789506788009440664

7798241 christianvn the Warrior (level 17, -7/160 HPs)
             Began as a Minotaur Berserker on Aug 2, 2021.
             Was the Champion of Trog.
             Killed by the raging water
             ... invoked by a water nymph
              (25 damage)
             ... on level 2 of the Shoals.
             The game lasted 03:30:35 (36388 turns).

christianvn the Warrior (Minotaur Berserker)       Turns: 36388, Time: 03:30:35

Health: -7/160     AC: 25    Str: 27    XL:     17   Next: 42%
Magic:  10/12      EV:  8    Int:  8    God:    Trog [******]
Gold:   1238       SH: 22    Dex: 14    Spells: 16/16 levels left

rFire    + . .     SeeInvis .   a - +6 broad axe (antimagic)
rCold    + . .     Gourm    .   R - +2 medium shield {rPois}
rNeg     . . .     Faith    .   F - +1 gold dragon scales
rPois    +         Spirit   .   B - +1 hat of Words of Power {Int+4 Dex+2 Slay+5}
rElec    +         Reflect  +   x - scarf {clouds}
rCorr    +         Harm     .   y - +0 pair of gloves {archery}
MR       +++..                  O - +1 pair of boots {Fly}
Stlth    ..........             T - +5 amulet of reflection
HPRegen  1.36/turn              H - ring of resist corrosion
MPRegen  0.13/turn              s - ring of insulation

@: lethally poisoned (-7 -> -8), flying, regenerating
A: retaliatory headbutt, horns 2
}: 1/15 runes: gossamer
a: Berserk, Trog's Hand, Brothers in Arms, Renounce Religion, Evoke Fog, Stop
Flying


You were on level 2 of the Shoals.
You worshipped Trog.
Trog was exalted by your worship.
You were hungry.

You visited 5 branches of the dungeon, and saw 24 of its levels.
You also visited: Gauntlet and Ice Cave.

You collected 4044 gold pieces.
You spent 2806 gold pieces at shops.

Inventory:

Hand Weapons
 a - a +6 antimagic broad axe (weapon)
Missiles
 m - 4 throwing nets {=f}
Armour
 x - a scarf of clouds (worn)
 y - a +0 pair of gloves of archery (worn)
 B - the +1 hat of Words of Power (worn) {Int+4 Dex+2 Slay+5}
   (You found it in a Gauntlet)

   It affects your intelligence (+4).
   It affects your dexterity (+2).
   It affects your accuracy and damage with ranged weapons and melee attacks
   (+5).
 F - +1 gold dragon scales (worn)
 O - a +1 pair of boots of flying (worn)
 R - a +2 medium shield of poison resistance (worn)
Jewellery
 f - an uncursed ring of protection from magic
 s - a ring of insulation (right hand)
 t - an uncursed ring of protection from magic
 H - a ring of resist corrosion (left hand)
 T - a +5 amulet of reflection (around neck)
Wands
 d - a wand of polymorph (26)
 j - a wand of acid (19)
 w - a wand of paralysis (6)
 C - a wand of iceblast (15)
 G - a wand of random effects (24)
 N - a wand of disintegration (14)
 Q - a wand of clouds (3)
 U - a wand of digging (9)
 X - a wand of flame (23)
Scrolls
 h - 8 scrolls of teleportation
 l - 11 scrolls of remove curse
 n - 11 scrolls of magic mapping
 p - 7 scrolls of fear
 r - 7 scrolls of blinking
 u - 4 scrolls of immolation
 K - a scroll of silence
 P - a scroll of summoning
 S - 5 scrolls of fog
Potions
 c - 12 potions of curing
 i - a potion of invisibility
 k - a potion of flight
 o - a potion of cancellation
 q - 5 potions of haste
 v - 4 potions of agility
 A - 3 potions of lignification
 D - 3 potions of mutation
 E - a potion of resistance
 J - 4 potions of might
 M - 5 potions of ambrosia
Miscellaneous
 g - a sack of spiders
 L - a lightning rod (4/4)
 V - a phial of floods
 W - a lamp of fire (inert)
 Y - a phantom mirror
 Z - a fan of gales (2/2)
Comestibles
 b - 10 chunks of flesh
 e - 33 rations {!d}


   Skills:
 - Level 16.9 Fighting
 + Level 15.9(17.8) Axes
   Level 14.1(17.0) Maces & Flails
 - Level 13.0 Armour
 - Level 10.6 Dodging
 - Level 15.0 Shields
 + Level 10.8 Evocations


You had 16 spell levels left.
You didn't know any spells.
Your spell library was empty.

Dungeon Overview and Level Annotations

Branches:
Dungeon (12/12) Temple (0/1) D:4 Lair (6/6) D:9 Shoals (2/3) Lair:4 Spider (3/3) Lair:2 Slime (0/5) Lair:5 Orc (1/1) D:10 Elf (0/3) Orc Vaults (0/3) D:11 D:12 Depths (0/5) D:12

Altars:
Ashenzari
Cheibriados
Fedhas
Gozag
Lugonu
Makhleb
Qazlal
Sif Muna
Uskayaw
Vehumet
Yredelemnul
The Shining One
Jiyva

Shops:
D:4 [}   D:7 ?   D:12 *   Orc [!%}

Portals:
Abyss: D:12

Annotations:
D:2 1 runed door (Crazy Yiuf)
D:3 Grinder
D:5 exclusion: orc priest
D:8 Sorcerer, exclusions: 3 doors and orc sorcerer
Lair:5 exclusion: oklob plant
Shoals:2 1 exclusion


Innate Abilities, Weirdness & Mutations

You reflexively headbutt those who attack you in melee.
You have a pair of horns on your head.


Message History

Your skin crawls.
You feel resistant to hostile enchantments.
You feel somewhat more hungry. The water nymph gestures at you.
The water rises up and strikes you!
* * * LOW HITPOINT WARNING * * *
The water nymph gestures at you. The water rises up and strikes you!
* * * LOW HITPOINT WARNING * * *
Okay, then.
Evoke which item? (* to show all) (? for menu, Esc to quit)
Aiming: Throw Flame
Press: ? - help, Shift-Dir - straight line, f/p - water nymph
Aim: a water nymph The puff of flame hits the water nymph.
The water nymph is lightly wounded.
The water nymph is engulfed in a cloud of scalding steam.
The water nymph gestures at you. The water rises up and strikes you!!
You die...

≈≈ ####.# ≈≈. #.#.. ##.
≈≈m# ##...###...
≈≈§≈###..≈≈......
≈≈§≈≈§§.≈≈.....#
≈≈≈≈§m§§≈≈§...#
.≈≈≈≈≈§§§§§...###
..≈m≈≈≈§§§§......
≈.≈≈≈≈§§§@§§....≈≈.≈
≈≈≈≈≈≈≈§§§§§≈...≈...≈
≈.≈≈≈≈≈≈≈§§§≈≈≈≈≈≈≈≈≈
...≈≈≈≈≈≈≈≈≈≈≈≈≈≈≈≈≈≈≈
...≈≈≈≈≈≈≈≈≈≈≈≈≈≈≈≈≈≈≈≈
.≈.≈≈≈≈≈≈..≈≈..≈≈≈≈≈≈≈≈≈
≈≈≈≈≈≈≈≈≈.......≈≈≈≈≈≈≈≈.
≈≈≈≈≈..P...≈..≈≈≈≈≈≈≈≈≈≈
≈≈≈≈≈....>...≈≈≈≈≈≈≈≈≈≈


You could see a water nymph.

Vanquished Creatures
  A kraken (Shoals:2)
  Kirke (D:12)
  2 ghost moths
  5 emperor scorpions (Spider:3)
  Nessos (Lair:5)
  2 entropy weavers (Spider:3)
  A minotaur (Gauntlet)
  An ettin (D:12)
  A spark wasp (Spider:1)
  2 merfolk impalers (Shoals:1)
  Harold (D:10)
  4 slime creatures (D:12)
  Josephine (Lair:4)
  A fire dragon (Lair:6)
  Urug (Lair:4)
  Fannar (Lair:1)
  9 hydras
  A catoblepas (Gauntlet)
  5 centaur warriors
  24 two-headed ogres
  A queen ant (Lair:2)
  6 ogre magi
  3 death yaks (Lair:6)
  5 sea snakes
  A deep troll (D:12)
  A fire crab (shapeshifter) (D:11)
  A goliath frog (Lair:6)
  2 fire crabs
  A lindwurm (Lair:4)
  An unseen horror (D:11)
  A deep elf archer (D:12)
  A necromancer (IceCv)
  Pikel (D:5)
  2 cyclopes
  A deep elf mage (D:10)
  15 orb spiders
  4 ugly things
  4 orc knights
  22 wolf spiders
  2 orc sorcerers
  3 fauns (Shoals:1)
  5 manticores
  5 moths of wrath
  A merfolk siren (Shoals:1)
  7 elephants
  8 black mambas
  A torpor snail (Lair:4)
  4 ice statues (IceCv)
  2 guardian serpents (D:11)
  4 centaur zombies
  2 molten gargoyles (Lair:6)
  A water nymph (Shoals:2)
  12 cane toads
  A gargoyle (Gauntlet)
  7 demonic crawlers
  7 ice devils (IceCv)
  7 rime drakes
  A cane toad (shapeshifter) (D:12)
  An efreet (D:12)
  A dryad (D:9)
  10 komodo dragons
  A polar bear (Lair:4)
  17 jumping spiders
  A queen bee (Lair:3)
  2 trolls
  2 wind drakes (Shoals:1)
  A hornet (Spider:2)
  6 merfolk
  2 snapping turtles
  Grinder (D:3)
  28 blink frogs
  11 hippogriffs
  A meliai zombie (D:11)
  7 dream sheep
  Sigmund (D:4)
  6 shadows
  A tarantella (shapeshifter) (D:12)
  43 redbacks
  54 yaks
  18 tarantellas
  3 wraiths (Lair:4)
  Eustachio (D:4)
  5 wyverns
  3 fire bats (Gauntlet)
  A water elemental (D:12)
  15 basilisks
  16 humans
  A vampire mosquito (D:12)
  A basilisk (shapeshifter) (D:12)
  3 steam dragons (Lair:6)
  5 hungry ghosts
  A neqoxec (Gauntlet)
  A hog (D:12)
  A chaos spawn (Gauntlet)
  Menkaure (D:7)
  9 crocodiles
  15 wargs
  6 water moccasins
  An acid dragon (D:8)
  7 hell hounds
  5 porcupines
  10 orc warriors
  8 soldier ants
  2 ice beasts (D:11)
  4 sky beasts
  3 necrophages
  3 black bears
  An eye of draining (D:9)
  21 centaurs
  39 ogres
  2 big kobolds
  13 wolves
  11 bullfrogs
  A gnoll sergeant (D:5)
  4 scorpions
  30 killer bees
  A statue (D:9)
  8 wights
  3 howler monkeys
  6 electric eels
  6 crimson imps
  5 lava snakes (Lair:6)
  2 jellies
  10 orc priests
  2 bullfrog skeletons
  7 centaur skeletons
  A gnoll shaman (D:10)
  2 hounds
  Ijyb (D:3)
  5 iguanas
  A spriggan simulacrum (IceCv)
  16 worker ants
  21 orc wizards
  2 troll simulacra (IceCv)
  3 centaur simulacra (IceCv)
  A hound zombie (D:6)
  A hound skeleton (D:9)
  Robin (D:2)
  A howler monkey zombie (D:6)
  A worker ant zombie (D:6)
  A howler monkey skeleton (D:10)
  11 adders
  18 gnolls
  2 ogre simulacra (IceCv)
  2 naga simulacra (IceCv)
  A river rat (D:4)
  4 shadow imps
  An ooze (D:3)
  2 adder zombies (D:7)
  3 adder skeletons
  2 worms
  2 dart slugs
  5 leopard geckos
  102 orcs
  5 giant cockroaches
  12 goblins
  11 hobgoblins
  14 jackals
  3 quokkas
  8 bats
  5 frilled lizards
  A jackal zombie (D:7)
  13 kobolds
  5 rats
  7 plants
  3 tentacles (Shoals:2)
1036 creatures vanquished.

Vanquished Creatures (collateral kills)
  A rakshasa (D:10)
  A bullfrog (D:10)
2 creatures vanquished.

Vanquished Creatures (others)
  An emperor scorpion (Spider:3)
  A merfolk javelineer (Shoals:1)
  A merfolk (Shoals:1)
  A jumping spider (Spider:2)
  4 humans (D:12)
  A slave (D:5)
  A howler monkey (D:5)
  A gnoll (D:5)
  4 orcs (D:5)
  2 fungi (Lair:4)
  2 lurking horrors (D:12)
  8 plants
  11 tentacles (Shoals:2)
38 creatures vanquished.

Grand Total: 1076 creatures vanquished

Notes
Turn   | Place    | Note
-------+----------+-------------------------------------------
     0 | D:1      | christianvn the Minotaur Berserker began the quest for the
                  | Orb.
     0 | D:1      | Reached XP level 1. HP: 19/19 MP: 0/0
   221 | D:1      | Reached XP level 2. HP: 15/27 MP: 1/1
   567 | D:1      | Reached skill level 4 in Fighting
   734 | D:1      | Reached XP level 3. HP: 28/33 MP: 2/2
  1317 | D:2      | Reached ** piety under Trog
  1742 | D:2      | Noticed Robin
  1753 | D:2      | Killed Robin
  1754 | D:2      | Reached XP level 4. HP: 41/41 MP: 3/3
  1814 | D:2      | Found a runed door.
  2038 | D:3      | Noticed a centaur
  2053 | D:3      | Killed a centaur
  2054 | D:3      | Reached XP level 5. HP: 36/47 MP: 4/4
  2287 | D:3      | Reached skill level 5 in Axes
  2414 | D:3      | Noticed Ijyb
  2425 | D:3      | Killed Ijyb
  2426 | D:3      | Reached skill level 5 in Fighting
  2504 | D:3      | Reached XP level 6. HP: 33/56 MP: 5/5
  2584 | D:3      | Noticed Grinder
  2752 | D:4      | Found Jinaraup's Gadget Shop.
  3088 | D:4      | Noticed Blork the orc
  3089 | D:4      | Noticed Blork
  3089 | D:4      | Blork the orc changed into Blork the river rat
  3100 | D:4      | Killed Blork the river rat
  3102 | D:4      | Noticed Sigmund
  3114 | D:4      | Killed Sigmund
  3115 | D:4      | Reached skill level 6 in Fighting
  3115 | D:4      | Reached skill level 5 in Armour
  3115 | D:4      | Reached XP level 7. HP: 63/63 MP: 6/6
  3219 | D:4      | Found Fodghohaf's Armour Boutique.
  3241 | D:4      | Reached skill level 5 in Dodging
  3383 | D:4      | Found a staircase to the Ecumenical Temple.
  3617 | D:4      | Noticed Eustachio
  3640 | D:4      | Killed Eustachio
  3685 | D:4      | Reached skill level 7 in Fighting
  3685 | D:4      | Reached XP level 8. HP: 73/73 MP: 7/7
  3905 | D:4      | Bought a scarf of clouds for 84 gold pieces
  3905 | D:4      | Bought a +0 pair of gloves of archery for 138 gold pieces
  3969 | D:3      | Killed Grinder
  4319 | D:5      | Entered Level 5 of the Dungeon
  4425 | D:5      | Noticed Pikel
  4440 | D:5      | Killed Pikel
  4441 | D:5      | Reached skill level 5 in Evocations
  4527 | D:5      | Reached *** piety under Trog
  4958 | D:5      | Reached XP level 9. HP: 70/80 MP: 11/11
  5315 | D:6      | Reached skill level 8 in Fighting
  6554 | D:7      | Reached **** piety under Trog
  6598 | D:7      | Noticed Menkaure
  6615 | D:7      | Killed Menkaure
  6792 | D:7      | Found a burning altar of Makhleb.
  6797 | D:7      | Found a shimmering blue altar of Sif Muna.
  6801 | D:7      | Found an opulent altar of Gozag.
  6802 | D:7      | Found a hide-covered altar of Uskayaw.
  6802 | D:7      | Found a basalt altar of Yredelemnul.
  6802 | D:7      | Found a radiant altar of Vehumet.
  6802 | D:7      | Found a glowing golden altar of the Shining One.
  6803 | D:7      | Found a snail-covered altar of Cheibriados.
  6804 | D:7      | Found a blossoming altar of Fedhas.
  6806 | D:7      | Found a shattered altar of Ashenzari.
  6807 | D:7      | Found a stormy altar of Qazlal.
  6943 | D:7      | Reached skill level 9 in Fighting
  7039 | D:7      | Found Nare's Magic Scroll Emporium.
  7160 | D:7      | Noticed a centaur warrior
  7191 | D:7      | Killed a centaur warrior
  7192 | D:7      | Reached XP level 10. HP: 45/90 MP: 12/12
  7245 | D:7      | Found a blossoming altar of Fedhas.
  7561 | D:8      | Reached skill level 10 in Fighting
  7574 | D:8      | Reached skill level 10 in Axes
  7896 | D:8      | Reached ***** piety under Trog
  7979 | D:8      | Noticed a two-headed ogre
  7992 | D:8      | Killed a two-headed ogre
  8060 | D:8      | Reached skill level 11 in Fighting
  8489 | D:8      | Reached XP level 11. HP: 100/102 MP: 13/13
  8906 | D:8      | Received a gift from Trog
  8921 | D:8      | Noticed an orc sorcerer
  9002 | D:8      | Noticed a sixfirhy
  9010 | D:8      | Killed an orc sorcerer
  9350 | D:9      | Reached skill level 1 in Maces & Flails
  9425 | D:9      | Found a staircase to the Lair.
  9466 | D:9      | Reached skill level 12 in Fighting
  9510 | D:9      | Reached skill level 5 in Maces & Flails
 11110 | D:8      | Noticed an orc knight
 11120 | D:8      | Killed an orc knight
 11121 | D:8      | Reached XP level 12. HP: 101/113 MP: 14/14
 11904 | Lair:1   | Entered Level 1 of the Lair of Beasts
 11954 | Lair:1   | Reached skill level 13 in Fighting
 12088 | Lair:1   | Identified the ring "Lanwirexky" {Ice Dex+2}
 12088 | Lair:1   | Noticed Fannar
 12135 | Lair:1   | Killed Fannar
 12173 | Lair:1   | Noticed a seven-headed hydra
 12222 | Lair:1   | Killed a seven-headed hydra
 12754 | Lair:1   | Noticed a six-headed hydra
 12767 | Lair:1   | Killed a six-headed hydra
 12768 | Lair:1   | Reached skill level 10 in Maces & Flails
 13008 | Lair:1   | Identified a scroll of acquirement
 13048 | Lair:2   | Received a gift from Trog
 13144 | Lair:2   | Noticed a four-headed hydra
 13179 | Lair:2   | Killed a four-headed hydra
 13272 | Lair:2   | Reached skill level 14 in Fighting
 13293 | Lair:2   | Found a frozen archway.
 13299 | IceCv    | Entered an ice cave
 13696 | IceCv    | Got a scorched flail
 13903 | Lair:2   | Reached XP level 13. HP: 125/125 MP: 15/15
 14440 | Lair:2   | Found a hole to the Spider Nest.
 14623 | Lair:2   | Identified the +0 flail "Vuonauz" {drain, Dex+3} (You found
                  | it in an ice cave)
 14677 | Lair:3   | Received a gift from Trog
 15144 | Lair:3   | Found a glowing golden altar of the Shining One.
 15266 | Lair:3   | Reached skill level 15 in Fighting
 15903 | Lair:3   | Reached skill level 1 in Shields
 16217 | Lair:3   | Reached skill level 16 in Fighting
 16376 | Lair:4   | Found a staircase to the Shoals.
 16462 | Lair:4   | Received a gift from Trog
 16552 | Lair:4   | Got a slimy falchion
 16553 | Lair:4   | Identified the +4 falchion "Ixos" {freeze, +Rage rC+ rN+
                  | Int+9 Dex-5} (You found it on level 4 of the Lair of
                  | Beasts)
 16810 | Lair:4   | Reached skill level 5 in Shields
 16958 | Lair:4   | Noticed Josephine
 16978 | Lair:4   | Killed Josephine
 17338 | Lair:4   | Reached XP level 14. HP: 121/137 MP: 16/16
 17740 | Lair:4   | Noticed Urug
 17773 | Lair:4   | Killed Urug
 18066 | Lair:5   | Noticed Nessos
 18079 | Lair:5   | Killed Nessos
 18265 | Lair:5   | Found a staircase to the Slime Pits.
 18266 | Lair:5   | Found a viscous altar of Jiyva.
 19034 | Lair:6   | Entered Level 6 of the Lair of Beasts
 19088 | Lair:6   | Reached skill level 10 in Armour
 19438 | Lair:6   | Found a gate leading to a gauntlet.
 19448 | Gauntlet | Entered a Gauntlet
 19448 | Gauntlet | Found a transporter.
 19459 | Gauntlet | Found a transporter.
 19461 | Gauntlet | Found a transporter.
 19470 | Gauntlet | Found a transporter.
 19485 | Gauntlet | Found a transporter.
 19491 | Gauntlet | Found a transporter.
 19506 | Gauntlet | Found a transporter.
 19525 | Gauntlet | Found a transporter.
 19525 | Gauntlet | Noticed a reaper
 19537 | Gauntlet | Found a transporter.
 19549 | Gauntlet | Found a transporter.
 19561 | Gauntlet | Found a transporter.
 19573 | Gauntlet | Found a transporter.
 19579 | Gauntlet | Found a transporter.
 19579 | Gauntlet | Found a transporter.
 19622 | Gauntlet | Found a transporter.
 19650 | Gauntlet | Found a transporter.
 19730 | Gauntlet | Found a transporter.
 19754 | Gauntlet | Found a transporter.
 20010 | Gauntlet | Reached skill level 10 in Shields
 20024 | Gauntlet | Got a slimy hat
 20030 | Gauntlet | Identified the +1 hat of Words of Power {Int+4 Dex+2
                  | Slay+5} (You found it in a Gauntlet)
 20259 | Gauntlet | Got a faintly glowing robe
 20259 | Gauntlet | Got a shimmering spear
 20424 | Lair:6   | Identified the +3 spear "Cess" {pain, Str+4} (You found it
                  | in a Gauntlet)
 20703 | Lair:6   | Received a gift from Trog
 21590 | Lair:6   | Found a large runed door.
 21591 | Lair:6   | Found a large runed door.
 21672 | Lair:6   | Got shimmering acid dragon scales
 21683 | Lair:6   | Identified the +4 acid dragon scales of a sewer {rN+ rCorr
                  | Str+3 Dex+5} (You found it on level 6 of the Lair of
                  | Beasts)
 21701 | Lair:6   | Identified the amulet of Ylyunk {Spirit rPois rC+ Stlth+}
                  | (You acquired it on level 6 of the Lair of Beasts)
 21704 | Lair:6   | Identified the ring "Cooffoh" {AC+4 Slay+3} (You acquired
                  | it on level 6 of the Lair of Beasts)
 21977 | D:4      | Bought +0 gold dragon scales for 960 gold pieces
 22124 | D:7      | Bought a scroll of enchant armour for 105 gold pieces
 22124 | D:7      | Bought a scroll of silence for 105 gold pieces
 22124 | D:7      | Bought a scroll of fear for 70 gold pieces
 22300 | D:4      | Bought a wand of acid (6) for 182 gold pieces
 22300 | D:4      | Bought a lightning rod (4/4) for 520 gold pieces
 22781 | D:10     | Entered Level 10 of the Dungeon
 22789 | D:10     | Noticed Harold
 22801 | D:10     | Killed Harold
 22971 | D:10     | Reached XP level 15. HP: 139/144 MP: 17/17
 23038 | D:10     | Found a staircase to the Orcish Mines.
 23346 | D:10     | Received a gift from Trog
 25506 | D:12     | Entered Level 12 of the Dungeon
 25506 | D:12     | Found a gate to the Vaults.
 25511 | D:12     | Received a gift from Trog
 25532 | D:12     | Paralysed by fainting for 7 turns
 27059 | D:12     | Found Dykula's General Store.
 27062 | D:12     | Reached skill level 15 in Shields
 27388 | D:12     | Noticed Kirke
 27397 | D:12     | Killed Kirke
 27482 | D:12     | Found a staircase to the Depths.
 27681 | D:12     | Found a corrupted altar of Lugonu.
 27684 | D:12     | Found a one-way gate to the infinite horrors of the Abyss.
 28636 | D:12     | Bought a scroll of teleportation for 54 gold pieces
 28697 | Orc      | Entered the Orcish Mines
 28722 | D:10     | Received a gift from Trog
 28764 | Orc      | Found a staircase to the Elven Halls.
 29284 | D:10     | Reached XP level 16. HP: 138/152 MP: 9/19
 29504 | Orc      | Found Lyuzicoll's Armour Boutique.
 29538 | Orc      | Found Tuotyntu's Gadget Shop.
 29538 | Orc      | Found Tuosoh's Distillery.
 29538 | Orc      | Found Vysinun's Food Emporium.
 29923 | Orc      | Bought a potion of might for 48 gold pieces
 29923 | Orc      | Bought a potion of might for 48 gold pieces
 29923 | Orc      | Bought a potion of haste for 120 gold pieces
 29923 | Orc      | Bought a potion of curing for 30 gold pieces
 29923 | Orc      | Bought a potion of haste for 120 gold pieces
 29923 | Orc      | Bought a potion of might for 48 gold pieces
 29923 | Orc      | Bought a potion of ambrosia for 48 gold pieces
 29923 | Orc      | Bought a potion of curing for 30 gold pieces
 29923 | Orc      | Bought a potion of agility for 48 gold pieces
 29923 | Orc      | Bought a potion of flight for 48 gold pieces
 30205 | Spider:1 | Entered Level 1 of the Spider Nest
 32639 | Spider:2 | Reached skill level 10 in Dodging
 32705 | Spider:2 | Received a gift from Trog
 33354 | Spider:3 | Entered Level 3 of the Spider Nest
 34379 | Spider:3 | Reached XP level 17. HP: 138/160 MP: 11/23
 34604 | Spider:3 | Reached skill level 15 in Axes
 34866 | Spider:3 | Reached skill level 10 in Evocations
 35047 | Spider:3 | Got a gossamer rune of Zot
 35208 | Shoals:1 | Entered Level 1 of the Shoals
 35277 | Shoals:1 | Reached ****** piety under Trog
 36237 | Shoals:2 | Received a gift from Trog
 36243 | Shoals:2 | Noticed a kraken
 36284 | Shoals:2 | Killed a kraken
 36388 | Shoals:2 | Killed from afar by a water nymph

Skill      XL: |  1  2  3  4  5  6  7  8  9 10 11 12 13 14 15 16 17 |
---------------+----------------------------------------------------+-----
Fighting       | 4 5 6 7 9 11 12 14 16 | 16.9
Axes           | 4 5 8 12 13 14 15 | 15.9
Armour         | 3 4 5 6 7 8 9 11 12 13 | 13.0
Dodging        | 3 4 5 6 7 8 10 | 10.6
Evocations     | 5 6 9 10 | 10.8
Maces & Flails | 8 12 14 | 14.1
Shields        | 6 12 15 | 15.0

Action                   |  1- 3 |  4- 6 |  7- 9 | 10-12 | 13-15 | 16-18 || total
-------------------------+-------+-------+-------+-------+-------+-------++-------
Melee: Hand axe          |   119 |    21 |       |       |       |       ||   140
       Headbutt          |    16 |    18 |    60 |   205 |   357 |   159 ||   815
       Mace              |       |    40 |     6 |       |       |       ||    46
       Dagger            |       |    53 |    54 |       |       |       ||   107
       Whip              |       |       |   162 |   299 |       |       ||   461
       Morningstar       |       |       |       |   372 |   700 |       ||  1072
       Broad axe         |       |       |       |       |   106 |   484 ||   590
       Eveningstar       |       |       |       |       |   380 |   122 ||   502
       Falchion          |       |       |       |       |     3 |       ||     3
 Fire: Hunting sling     |       |    32 |   123 |   137 |       |       ||   292
       Blowgun           |       |       |    29 |    23 |    30 |    39 ||   121
       Longbow           |       |       |       |    75 |    10 |       ||    85
Throw: Stone             |       |     2 |       |       |       |       ||     2
Invok: Trog's Hand       |       |     4 |     7 |     4 |    15 |     2 ||    32
       Berserk           |       |     1 |       |     4 |     5 |     1 ||    11
 Abil: Stop Flying       |       |       |       |     1 |     2 |     5 ||     8
       Evoke Flight      |       |       |       |       |     2 |     6 ||     8
       Evoke Fog         |       |       |       |       |       |     2 ||     2
Evoke: Wand              |       |     1 |       |     8 |     7 |     7 ||    23
       Phial of floods   |       |       |       |       |     1 |       ||     1
       Lamp of fire      |       |       |       |       |       |     1 ||     1
  Use: Scroll            |       |     8 |     4 |     9 |    16 |     4 ||    41
       Potion            |       |       |       |       |     6 |       ||     6
 Stab: Paralysed         |       |       |       |     1 |     8 |       ||     9
       Held in net/web   |       |       |       |       |       |     6 ||     6
  Eat: Chunk             |     6 |     9 |    29 |    46 |    50 |    32 ||   172
       Ration            |       |       |       |     2 |     8 |     2 ||    12
Armor: Animal skin       |    11 |       |       |       |       |       ||    11
       Plate armour      |    20 |    74 |   118 |   257 |   259 |       ||   728
       Gold dragon scale |       |       |       |       |   254 |   278 ||   532
Dodge: Dodged            |    40 |    38 |    87 |   272 |   299 |    99 ||   835
Block: Medium shield     |       |       |       |       |   905 |   579 ||  1484
       Other             |       |       |       |       |    27 |       ||    27
       Reflection        |       |       |       |       |    39 |    21 ||    60
